 Dungeon Crawl Stone Soup version 0.29-a0-723-gce39da1c22 (webtiles) character file.

Game seed: 10120883613444727483

934 sammy202020 the Trooper (level 7, -12/66 HPs)
             Began as a Minotaur Fighter on June 28, 2022.
             Was a Follower of Trog.
             Mangled by an ogre
             ... wielding a +0 giant spiked club
              (15 damage)
             ... on level 5 of the Dungeon.
             The game lasted 00:05:03 (3372 turns).

sammy202020 the Trooper (Minotaur Fighter)          Turns: 3372, Time: 00:05:04

Health: -12/66     AC:  8    Str: 20    XL:     7   Next: 86%
Magic:  6/6        EV:  7    Int: 12    God:    Trog [*.....]
Gold:   185        SH:  5    Dex: 13    Spells: 6/6 levels left

rFire   + . .      SeeInvis .   a - +0 war axe
rCold   . . .      Faith    .   c - +0 buckler
rNeg    . . .      Spirit   .   l - +0 chain mail
rPois   .          Reflect  .   (helmet restricted)
rElec   .          Harm     .   (no cloak)
rCorr   .          Rampage  .   (no gloves)
Will    +....                   (no boots)
Stlth   ..........              (no amulet)
HPRegen 0.21/turn               j - ring of willpower
MPRegen 0.10/turn               n - +6 ring of intelligence

@: mighty
A: horns 2, retaliatory headbutt, iridescent scales 1, agile 1, deformed body,
fire resistance 1
a: Renounce Religion, Berserk


You were on level 5 of the Dungeon.
You worshipped Trog.
Trog was aware of your devotion.
You visited 2 branches of the dungeon, and saw 6 of its levels.

You collected 185 gold pieces.

Inventory:

Hand Weapons
 a - a +0 war axe (weapon)
 h - a +0 mace
Missiles
 o - 4 boomerangs (quivered)
Armour
 c - a +0 buckler (worn)
 l - a +0 chain mail (worn)
Jewellery
 j - a ring of willpower (left hand)
 n - a +6 ring of intelligence (right hand)
Wands
 k - a wand of polymorph (7)
 r - a wand of flame (18)
Scrolls
 e - a scroll of identify
 g - a scroll of teleportation
 i - 2 scrolls of poison
Potions
 b - a potion of lignification
 f - a potion of resistance
 m - 2 potions of attraction


   Skills:
 * Level 7.2 Fighting
 * Level 6.7 Axes
 + Level 5.6 Armour
 + Level 5.6 Shields


You had 6 spell levels left.
You didn't know any spells.
Your spell library contained the following spells:

 Spells                   Type           Power      Damage    Failure   Level
 Static Discharge         Conj/Air       0%         N/A       99%         2
 Dispel Undead            Necr           0%         3d6       100%        4
 Sticky Flame             Conj/Fire      0%         2d3       100%        4


Dungeon Overview and Level Annotations

Branches:
Dungeon (5/15)             Temple (1/1) D:4

Altars:
Ashenzari
Cheibriados
Dithmenos
Elyvilon
Fedhas
Gozag
Kikubaaqudgha
Makhleb
Nemelex Xobeh
Okawaru
Qazlal
Ru
Sif Muna
Trog
Uskayaw
Zin
The Shining One


Innate Abilities, Weirdness & Mutations

You have a pair of horns on your head.
You reflexively headbutt those who attack you in melee.
You are partially covered in iridescent scales. (AC +2)
You are agile. (Dex +4, Str/Int -1)
Armour fits poorly on your strangely shaped body.
Your flesh is heat resistant. (rF+)


Message History

The gnoll hits you from afar with a +0 spear.
The gnoll barely misses you. The ogre barely misses you.
You furiously retaliate!
You headbutt the ogre.
The gnoll drinks a potion.
The gnoll seems to grow stronger.
The gnoll hits you but does no damage.
You completely miss the ogre. You headbutt the ogre!
The ogre is moderately wounded.
You hit the gnoll but do no damage.
The ogre hits you with a +0 giant spiked club!
You block the gnoll's attack. x2
You block the gnoll's attack. The gnoll barely misses you.
You furiously retaliate!
You headbutt the gnoll.
You kill the gnoll!
Trog accepts your kill.
You see here a +0 club.
The gnoll hits you with a +0 spear!
* * * LOW HITPOINT WARNING * * *
You hit the gnoll.
The gnoll is moderately wounded.
You hit the ogre.
The ogre hits you with a +0 giant spiked club!
* * * LOW HITPOINT WARNING * * *
The gnoll hits you with a +0 spear.
* * * LOW HITPOINT WARNING * * *
The gnoll hits you from afar with a +0 spear.
* * * LOW HITPOINT WARNING * * *
An ice beast comes into view.
You feel very mighty all of a sudden. You block the gnoll's attack.
You block the ogre's attack. The gnoll hits you but does no damage.
You slash the gnoll!
You kill the gnoll!
Trog accepts your kill.
You hit the ogre. The ogre barely misses you.
You slash the ogre!
The ogre is severely wounded.
The ogre barely misses you.
You completely miss the ogre. You headbutt the ogre!
The ogre is almost dead.
The ogre hits you with a +0 giant spiked club!
You die...

##.........
#.......#.#
.......#. ...
.......## # .....
#......# .##
......###......#...#
...........Y.......#
...................#
..........)@O.....##
...............####
..............##
....$..........#
##...........##
#...)))....##
.##...........#
...............# #.
.....#..........#


You could see an ice beast and an ogre.

Vanquished Creatures
  Grinder (D:4)
  Sigmund (D:4)
  An ogre (D:5)
  A necrophage (D:4)
  A scorpion (D:4)
  2 orc priests
  A hound (D:4)
  Ijyb (D:3)
  4 orc wizards (D:4)
  4 gnolls (D:5)
  4 adders
  5 worms
  9 orcs
  2 ball pythons
  3 bats
  7 endoplasms
  5 giant cockroaches
  6 goblins
  5 hobgoblins
  6 kobolds
  4 quokkas
  2 rats (D:1)
75 creatures vanquished.

Vanquished Creatures (others)
  4 plants (D:2)
4 creatures vanquished.

Grand Total: 79 creatures vanquished

Notes
Turn   | Place    | Note
-------+----------+-------------------------------------------
     0 | D:1      | sammy202020 the Minotaur Fighter began the quest for the
                  | Orb.
     0 | D:1      | Reached XP level 1. HP: 19/19 MP: 0/0
   164 | D:1      | Reached XP level 2. HP: 27/27 MP: 1/1
   235 | D:1      | Reached skill level 4 in Fighting
   263 | D:1      | You fall into a shaft and drop 1 floor!
   368 | D:2      | Reached XP level 3. HP: 32/33 MP: 2/2
   696 | D:2      | Gained mutation: You are frail. (-10% HP) [potion of
                  | mutation]
   696 | D:2      | Gained mutation: Armour fits poorly on your strangely
                  | shaped body. [potion of mutation]
   696 | D:2      | Gained mutation: You are partially covered in iridescent
                  | scales. (AC +2) [potion of mutation]
   696 | D:2      | Gained mutation: You have hidden genetic potential. [potion
                  | of mutation]
   807 | D:3      | Reached XP level 4. HP: 14/36 MP: 3/3
   829 | D:3      | Gained mutation: You are partially covered in large bone
                  | plates. (SH +4) [hidden potential]
  1013 | D:3      | Found a snail-covered altar of Cheibriados.
  1220 | D:3      | Noticed Ijyb
  1233 | D:3      | Killed Ijyb
  1234 | D:3      | Reached skill level 5 in Fighting
  1234 | D:3      | Reached XP level 5. HP: 33/43 MP: 4/4
  1510 | D:4      | Noticed Grinder
  1553 | D:4      | Killed Grinder
  1554 | D:4      | Reached skill level 6 in Fighting
  1554 | D:4      | Reached skill level 5 in Axes
  1554 | D:4      | Reached XP level 6. HP: 34/51 MP: 5/5
  1561 | D:4      | Gained mutation: Your flesh is heat resistant. (rF+)
                  | [hidden potential]
  1561 | D:4      | Lost mutation: You have hidden genetic potential. [hidden
                  | potential expressed]
  1659 | D:4      | Lost mutation: You are partially covered in large bone
                  | plates. (SH +4) [potion of mutation]
  1659 | D:4      | Lost mutation: You are frail. (-10% HP) [potion of
                  | mutation]
  1659 | D:4      | Gained mutation: You are agile. (Dex +4, Str/Int -1)
                  | [potion of mutation]
  1723 | D:4      | Noticed Sigmund
  1742 | D:4      | Killed Sigmund
  1743 | D:4      | Reached skill level 5 in Armour
  1743 | D:4      | Reached skill level 5 in Shields
  1743 | D:4      | Reached XP level 7. HP: 30/64 MP: 6/6
  1937 | D:4      | Found a staircase to the Ecumenical Temple.
  1954 | Temple   | Entered the Ecumenical Temple
  2186 | Temple   | Became a worshipper of Trog the Wrathful
  2261 | D:4      | Found a glowing silver altar of Zin.
  2313 | D:4      | Noticed a wyvern
  2564 | D:4      | Found an ancient bone altar of Kikubaaqudgha.
  3078 | D:4      | Found a hide-covered altar of Uskayaw.
  3168 | D:4      | Reached skill level 7 in Fighting
  3245 | D:5      | Entered Level 5 of the Dungeon
  3292 | D:5      | Reached * piety under Trog
  3363 | D:5      | HP: 1/66 [gnoll/+0 spear (6)]
  3372 | D:5      | Mangled by an ogre

Illustrated notes

Levels and vault maps discovered:
D:1:      shiori_arrival_oz, layout_loops_ring, minmay_pentomino_u4
D:2:      layout_rooms, serial_bayou_crossing
D:3:      layout_basic, lemuel_coloured_pillars_altar,
          chequers_serial_rivers_small_b, uniq_ijyb
D:4:      layout_basic, nicolae_overflow_hidden_temple, kennysheep_mini_moat,
          grunt_temple_overflow_open, minmay_temple_entry_slanted, minivault_19,
          lightli_corner_chamber, uniq_grinder, uniq_sigmund
D:5:      layout_cave_pools, lemuel_flame_loot_1
Temple:   minmay_temple_curvy_branch

Skill      XL: |  1  2  3  4  5  6  7 |
---------------+----------------------+-----
Fighting       | 4 5 6 7 |  7.2
Axes           | 3 4 5 6 |  6.7
Armour         | 4 5 |  5.6
Shields        | 4 5 |  5.6

Action                   |  1- 3 |  4- 6 |  7- 9 || total
-------------------------+-------+-------+-------++-------
Melee: War axe           |    80 |    73 |    50 ||   203
       Headbutt          |    10 |     8 |    10 ||    28
  Use: Scroll            |     8 |     3 |     1 ||    12
       Potion            |     1 |     3 |     1 ||     5
Armor: Scale mail        |    21 |       |       ||    21
       Chain mail        |    19 |    26 |    26 ||    71
Dodge: Dodged            |    37 |    17 |    18 ||    72
Block: Buckler           |    17 |    18 |    19 ||    54

Table legend: (Time is in decaauts)
 A = Elapsed time spent in this place.
 B = Non-inter-level travel time spent in this place.
 C = Inter-level travel time spent in this place.
 D = Time resting spent in this place.
 E = Time spent auto-exploring this place.
 F = Levels seen in this place.
 G = Mean time per level.
                   A        B        C        D        E       F      G
               +--------+--------+--------+--------+--------+-----+--------+
         Total |   3440 |   3402 |     38 |    494 |   2263 |   6 |  573.3 |
       Dungeon |   3185 |   3168 |     17 |    494 |   2039 |   5 |  637.0 |
        Temple |    254 |    233 |     21 |      0 |    224 |   1 |  254.0 |
               +--------+--------+--------+--------+--------+-----+--------+

Top non-repeatable levels by time:
     D:4: 1503 daAuts
     D:3: 807 daAuts
     D:2: 469 daAuts
     D:1: 274 daAuts
  Temple: 254 daAuts
     D:5: 131 daAuts
